 Dungeon Crawl Stone Soup version 0.21.1-1-g345015fe64 (webtiles) character file.

151 LevaFresel the Skirmisher (level 5, -1/41 HPs)
             Began as a Human Fighter on June 8, 2018.
             Slain by a gnoll
             ... wielding a +0 halberd
              (9 damage)
             ... on level 3 of the Dungeon.
             The game lasted 00:06:57 (2205 turns).

LevaFresel the Skirmisher (Human Fighter)           Turns: 2205, Time: 00:06:58

Health: -1/41      AC:  6    Str: 17    XL:     5   Next: 59%
Magic:  5/5        EV:  8    Int:  9    God:
Gold:   126        SH:  9    Dex: 12    Spells: 4/4 levels left

rFire    . . .     SeeInvis .   a - +0 long sword
rCold    . . .     Gourm    .   c - +0 shield
rNeg     . . .     Faith    .   b - +0 scale mail
rPois    .         Spirit   .   (no helmet)
rElec    .         Reflect  .   (no cloak)
rCorr    .         Harm     .   (no gloves)
MR       .....                  (no boots)
Stlth    ..........             (no amulet)
HPRegen  0.13/turn              (no ring)
MPRegen  0.09/turn              (no ring)

@: no status effects
A: no striking features
a: no special abilities


You were on level 3 of the Dungeon.
You were not hungry.

You visited 1 branch of the dungeon, and saw 3 of its levels.

You collected 126 gold pieces.

Inventory:

Hand Weapons
 a - a +0 long sword (weapon)
 r - a cursed -1 dagger
Missiles
 q - 2 javelins (quivered)
Armour
 b - a +0 scale mail (worn)
 c - a +0 shield (worn)
 h - a cursed +0 ring mail
 k - a +0 cloak
 v - a +1 pair of gloves of dexterity
Scrolls
 g - 2 scrolls of identify {unknown}
 i - 2 scrolls of remove curse {unknown}
 l - a scroll of magic mapping {unknown}
 m - a scroll of enchant weapon {unknown}
 t - a scroll of blinking {unknown}
 u - a scroll of teleportation
Potions
 d - a potion of might
 e - a potion of mutation {unknown}
 j - a potion of heal wounds {unknown}
 n - 3 potions of lignification {unknown}
 o - 2 potions of curing {unknown}
 p - 2 potions of agility {unknown}
 s - a potion of brilliance {unknown}
Comestibles
 f - a ration


   Skills:
 + Level 3.5 Fighting
 * Level 3.5 Long Blades
 + Level 3.4 Armour
 + Level 1.8 Dodging
 + Level 3.5 Shields


You had 4 spell levels left.
You didn't know any spells.

Dungeon Overview and Level Annotations

Branches:
Dungeon (3/15)

Altars:
Elyvilon


Message History

The hobgoblin barely misses you.
You hit the hobgoblin.
You kill the hobgoblin!
You hit the gnoll but do no damage.
The gnoll is severely wounded.
The gnoll hits you with a flail! The gnoll barely misses you.
You slash the gnoll!
You kill the gnoll!
You block the gnoll's attack. You block the gnoll's attack.
Items here: ))) †††††† You barely miss the gnoll.
The gnoll hits you with a halberd!
* * * LOW HITPOINT WARNING * * *
Your shield and scale mail prevent you from hitting the gnoll.
You block the gnoll's attack.
You closely miss the gnoll. The gnoll barely misses you.
You hit the gnoll.
The gnoll is lightly wounded.
The gnoll hits you with a halberd!
You die...

#.... #...#..#
#....##...#..#
#........(#.###
#.#.###.......#
#####.#.##...##.#.##
......#'##...'....#.
#........##...#.
#####........##...#.
#..@gg†......##.....
#.###g..............
#.# #######.........
.. #.# #..##.#.#.
###.######.####
#..##.....
#.............#
#.........
#.#.###.......#
##........
#.#.###.###...#
#.##.###. #.#.....#
#.#.# ...... .


You could see a gnoll and 2 goblins.

Vanquished Creatures
  4 adders (D:2)
  4 gnolls
  A worm (D:2)
  3 dart slugs (D:1)
  2 leopard geckos
  4 giant cockroaches
  5 goblins
  9 hobgoblins
  4 jackals (D:3)
  2 ball pythons
  7 bats
  6 frilled lizards
  9 kobolds
  11 rats
71 creatures vanquished.

Notes
Turn   | Place    | Note
-------+----------+-------------------------------------------
     0 | D:1      | LevaFresel the Human Fighter began the quest for the Orb.
     0 | D:1      | Reached XP level 1. HP: 18/18 MP: 1/1
   168 | D:1      | Reached XP level 2. HP: 23/24 MP: 2/2
   421 | D:1      | Reached XP level 3. HP: 26/29 MP: 3/3
   784 | D:1      | Reached skill level 1 in Dodging
   961 | D:2      | Reached XP level 4. HP: 34/35 MP: 4/4
  1451 | D:2      | Found a white marble altar of Elyvilon.
  1692 | D:2      | Reached XP level 5. HP: 36/41 MP: 5/5
  2205 | D:3      | Slain by a gnoll

Skill      XL: |  1  2  3  4 |
---------------+-------------+-----
Dodging        | 1 |  1.8
Long Blades    | 3 |  3.5
Fighting       | |  3.5
Armour         | |  3.4
Shields        | |  3.5

Action                   |  1- 3 |  4- 6 || total
-------------------------+-------+-------++-------
Melee: Long sword        |   132 |   134 ||   266
  Use: Scroll            |     1 |       ||     1
  Eat: Ration            |       |     2 ||     2
Armor: Scale mail        |    73 |    61 ||   134
Dodge: Dodged            |    45 |    48 ||    93
Block: Shield            |    89 |    67 ||   156
       Rpst.: Long sword |    18 |    10 ||    28
